 Dungeon Sprint DCSS version 0.31-a0-18-gea43df2a32 (webtiles) character file.

Game seed: 9563614762802388402

697 bmack86 the Cleaver (level 7, -8/72 HPs)
             Began as a Minotaur Berserker on May 11, 2023.
             Was a Priest of Trog.
             Mangled by an ice devil (20 damage)
             ... summoned by a kobold demonologist
             ... in the Dungeon (Sprint I: "Red Sonja").
             The game lasted 00:03:38 (370 turns).

bmack86 the Cleaver (Minotaur Berserker)             Turns: 370, Time: 00:03:40

Health: -8/72      AC: 12    Str: 24    XL:     7   Next: 38%
Magic:  6/6        EV:  9    Int:  4    God:    Trog [***...]
Gold:   376        SH:  0    Dex:  9    Spells: 6/6 levels left

rFire   . . .        l - +2 scythe (vamp)
rCold   . . .        (shield currently unavailable)
rNeg    . . .        k - +1 chain mail
rPois   .            (helmet restricted)
rElec   .            (no cloak)
rCorr   .            (no gloves)
SInv    .            (no boots)
Will    .....        (no amulet) Stlth
                     (no ring)
HPRegen 0.32/turn    (no ring)
MPRegen 0.10/turn

%: no teleportation
@: spiked, on berserk cooldown, hasted and slowed
A: horns 2, retaliatory headbutt
a: Renounce Religion, Berserk, Trog's Hand


You were in the Dungeon.
You worshipped Trog.
Trog was most pleased with you.
You visited 1 branch You collected 416 gold pieces.
You spent 40 gold pieces at shops.

Inventory:

Hand Weapons
 a - a +0 hand axe
 l - a +2 vampiric scythe (weapon)
Armour
 b - a +0 animal skin
 k - a +1 chain mail (worn)
Wands
 i - a wand of paralysis (8)
Scrolls
 h - a scroll of blinking
Potions
 c - a potion of curing
 f - 2 potions of magic
 g - a potion of berserk rage
 j - a potion of degeneration {unknown}
 m - a potion of brilliance {unknown}


   Skills:
 + Level 10.2 Fighting
 * Level 13.7 Axes
 + Level 9.8 Armour
 - Level 2.1 Dodging
 + Level 2.7 Evocations


You had 6 spell levels left.
You didn't know any spells.
Your spell library was empty.

Dungeon Overview and Level Annotations

Branches:
Dungeon (1/1)

Altars:
Cheibriados
Dithmenos
Elyvilon
Fedhas
Gozag
Hepliaklqana
Kikubaaqudgha
Makhleb
Nemelex Xobeh
Okawaru
Qazlal
Ru
Sif Muna
Trog
Uskayaw
Vehumet
Wu Jian
Xom
Yredelemnul
Zin
The Shining One
Jiyva
Lugonu

Shops:
D *


Innate Abilities, Weirdness & Mutations

You have a pair of horns on your head.
You reflexively headbutt those who attack you in melee.


Message History

The red devil hits you from afar with a +0 trident!
Barbed spikes become lodged in your body.
The smoke demon hits you. The smoke demon closely misses you.
The smoke demon hits you but does no damage.
The kobold demonologist gestures wildly while chanting.
The kobold demonologist casts a cantrip, but nothing happens.
The smoke demon completely misses you.
The smoke demon hits you but does no damage.
The smoke demon hits you.
You barely miss the kobold demonologist.
The kobold demonologist is heavily wounded.
The kobold demonologist hits you but does no damage.
The red devil closely misses you.
The smoke demon hits you but does no damage. x3
The kobold demonologist hits you but does no damage.
Unknown command.
You barely miss the kobold demonologist.
The kobold demonologist is heavily wounded.
The red devil hits you from afar with a +0 trident!
Barbed spikes become lodged in your body.
The smoke demon closely misses you.
The smoke demon hits you but does no damage. x2
The kobold demonologist begins to cast a cantrip, but forgets the words!
The red devil hits you from afar with a +0 trident!
Barbed spikes become lodged in your body.
You feel much better.
The kobold demonologist casts a spell.
The red devil hits you from afar with a +0 trident!
Barbed spikes become lodged in your body.
The kobold demonologist casts a spell.
The ice devil hits you. The ice devil freezes you!!
* * * LOW HITPOINT WARNING * * *
You feel yourself speed up.
The red devil hits you from afar with a +0 trident.
* * * LOW HITPOINT WARNING * * *
Barbed spikes become lodged in your body.
The ice devil hits you.
* * * LOW HITPOINT WARNING * * *
The ice devil freezes you!!
You die...

#####################
.)..#..'..#__#.5@4K5#
.#..'[.#..'..'..#K35#
###'#####'#__####455+
##..#...#[#### ####
_####..##.#
____##+#_.+
.∩...+..._#
..__##_.#+#
____###+#.#


You could see an ice devil (summoned), 2 kobold demonologists, a smoke demon
(summoned), a red devil (summoned), an iron imp (summoned), a quasit (summoned),
a white imp (summoned), a shadow imp (summoned) and an ufetubus (summoned).

Vanquished Creatures
  A slime creature (D)
  Sigmund (D)
  A yak (D)
  A floating eye (D)
  An ogre (D)
  A jelly (D)
  Ijyb (D)
7 creatures vanquished.

Notes
Turn   | Place    | Note
-------+----------+-------------------------------------------
     0 | D        | bmack86 the Minotaur Berserker began the quest for the Orb.
     0 | D        | Reached XP level 1. HP: 19/19 MP: 0/0
     2 | D        | Noticed Ijyb
     9 | D        | Killed Ijyb
    10 | D        | Reached skill level 5 in Fighting
    10 | D        | Reached skill level 6 in Axes
    10 | D        | Reached XP level 2. HP: 29/29 MP: 1/1
    50 | D        | Noticed an ogre
    52 | D        | Killed an ogre
    53 | D        | Reached skill level 8 in Axes
    53 | D        | Reached skill level 5 in Armour
    53 | D        | Reached XP level 3. HP: 38/38 MP: 2/2
    53 | D        | Reached XP level 4. HP: 45/45 MP: 3/3
    91 | D        | Noticed Sigmund
    94 | D        | Killed Sigmund
    94 | D        | Reached ** piety under Trog
    95 | D        | Reached skill level 11 in Axes
    95 | D        | Reached XP level 5. HP: 53/53 MP: 4/4
   128 | D        | Found a burning altar of Makhleb.
   128 | D        | Found a viscous altar of Jiyva.
   128 | D        | Found a shimmering altar of Xom.
   128 | D        | Found a corrupted altar of Lugonu.
   128 | D        | Noticed a slime creature
   132 | D        | Killed a slime creature
   133 | D        | Reached skill level 12 in Axes
   133 | D        | Reached XP level 6. HP: 64/64 MP: 5/5
   133 | D        | Found an ornate altar of the Wu Jian Council.
   133 | D        | Found a shimmering blue altar of Sif Muna.
   135 | D        | Found a radiant altar of Vehumet.
   198 | D        | Found Xauno's Assorted Antiques.
   198 | D        | Found an ancient bone altar of Kikubaaqudgha.
   198 | D        | Found a hazy altar of Hepliaklqana.
   198 | D        | Found a stormy altar of Qazlal.
   198 | D        | Found a hide-covered altar of Uskayaw.
   198 | D        | Found a blossoming altar of Fedhas.
   198 | D        | Found a bloodstained altar of Trog.
   198 | D        | Found an iron altar of Okawaru.
   198 | D        | Found a basalt altar of Yredelemnul.
   198 | D        | Found a glowing golden altar of the Shining One.
   198 | D        | Found a snail-covered altar of Cheibriados.
   198 | D        | Found a sacrificial altar of Ru.
   198 | D        | Found a glowing silver altar of Zin.
   198 | D        | Found a shadowy altar of Dithmenos.
   198 | D        | Found a white marble altar of Elyvilon.
   198 | D        | Noticed a yak
   203 | D        | Killed a yak
   204 | D        | Reached skill level 13 in Axes
   204 | D        | Reached XP level 7. HP: 60/71 MP: 6/6
   204 | D        | Found an opulent altar of Gozag.
   205 | D        | Found a sparkling altar of Nemelex Xobeh.
   209 | D        | Bought a scroll labelled BED CENYKASHU for 20 gold pieces
   209 | D        | Bought a scroll labelled HOPRUTULIU for 20 gold pieces
   359 | D        | Noticed a kobold demonologist
   360 | D        | Noticed a kobold demonologist
   361 | D        | Noticed a red devil
   361 | D        | Reached *** piety under Trog
   362 | D        | Reached skill level 10 in Fighting
   364 | D        | Noticed a smoke demon
   366 | D        | Noticed an ice devil
   370 | D        | Mangled by an ice devil

Illustrated notes

Levels and vault maps discovered:
D:        dungeon_sprint_1 [red_sonja_temple_1, red_sonja_temple_small_1]

Skill      XL: |  1  2  3  4  5  6  7 |
---------------+----------------------+-----
Fighting       | 5 6 8 9 10 | 10.2
Axes           | 6 8 11 12 13 | 13.7
Armour         | 4 5 7 9 |  9.8
Evocations     | 2 |  2.7
Dodging        | |  2.1

Action                     |  1- 3 |  4- 6 |  7- 9 || total
---------------------------+-------+-------+-------++-------
  Melee: Hand axe          |     6 |     2 |       ||     8
         Headbutt          |     4 |     1 |     1 ||     6
         Halberd           |       |    10 |     8 ||    18
 Invoke: Berserk           |     2 |     2 |     1 ||     5
    Use: Scroll            |       |       |     2 ||     2
         Potion            |       |       |     2 ||     2
 Armour: Chain mail        |       |     1 |    13 ||    14
  Dodge: Dodged            |     2 |     4 |     5 ||    11

Table legend: (Time is in decaauts)
 A = Elapsed time spent in this place.
 B = Non-inter-level travel time spent in this place.
 C = Inter-level travel time spent in this place.
 D = Time resting spent in this place.
 E = Time spent auto-exploring this place.
 F = Levels seen in this place.
 G = Mean time per level.
                   A        B        C        D        E       F      G
               +--------+--------+--------+--------+--------+-----+--------+
         Total |    404 |    404 |      0 |    207 |      0 |   1 |  404.0 |
       Dungeon |    404 |    404 |      0 |    207 |      0 |   1 |  404.0 |
               +--------+--------+--------+--------+--------+-----+--------+

Top non-repeatable levels by time:
       D: 404 daAuts
